 Dungeon Crawl Stone Soup version 0.22.1-5-g62c59d919a (webtiles) character file.

1971696 Pepega the Axe Maniac (level 27, 264/273 HPs)
             Began as a Minotaur Fighter on Jan 10, 2019.
             Was the Champion of Okawaru.
             Escaped with the Orb
             ... and 3 runes!
             The game lasted 06:01:30 (59560 turns).

Pepega the Axe Maniac (Minotaur Fighter)           Turns: 59560, Time: 06:01:31

Health: 264/273    AC: 52    Str: 41    XL:     27
Magic:  34/34      EV: 22    Int: 11    God:    Okawaru [******]
Gold:   6376       SH: 40    Dex: 10    Spells: 26/26 levels left

rFire    + + +     SeeInvis +   J - +8 war axe "Eginul" {vamp, *Noise rElec rC++}
rCold    + + +     Gourm    +   x - +10 large shield of Ignorance {rN+ Int-4}
rNeg     + + +     Faith    .   F - +11 gold dragon scales
rPois    +         Spirit   .   j - +1 hat of Tifrotun {rF++ Str+8 SInv Stlth-}
rElec    +         Reflect  .   T - +1 cloak of Starlight {rElec rC+ EV+4 Stlth--}
rCorr    +         Harm     .   k - +2 pair of gloves {Dex+3}
MR       ++++.                  O - +0 pair of boots {run}
Stlth    ..........             U - amulet "Jylyna Mack" {Gourm rN++}
HPRegen  0.55/turn              I - ring "Qakkujot" {rN+ MR+ Int+5 Dex+3 SInv}
MPRegen  0.24/turn              X - ring "Narimuv" {rC- MR+ Dex-5 Slay+6 Stlth+}

@: brilliant, resistant, quick
A: retaliatory headbutt, claws 1, horns 2, slimy green scales 1, thin metallic
scales 1, clumsy 1, fire resistance 1
0: Orb of Zot
}: 3/15 runes: barnacled, silver, gossamer
a: Heroism, Finesse, Renounce Religion


You escaped.
You worshipped Okawaru.
Okawaru was exalted by your worship.
You were not hungry.

You visited 11 branches of the dungeon, and saw 53 of its levels.
You visited 1 bazaar.
You visited 1 ziggurat, and saw 17 of its levels.
You also visited: Ossuary, Ice Cave and Wizlab.

You collected 9104 gold pieces.
You spent 2728 gold pieces at shops.

Inventory:

Hand Weapons
 c - a +9 broad axe of flaming
 J - the +8 war axe "Eginul" (weapon) {vamp, *Noise rElec rC++}
   (You found it on level 3 of the Elven Halls)

   It inflicts no extra harm, but heals its wielder when it wounds a living foe.
   It greatly protects you from cold.
   It insulates you from electricity.
   It may make noises in combat.
 P - the +8 mithril axe "Arga" {speed, MR+}
   (You took it off a deep elf demonologist on level 3 of the Elven Halls)

   Attacks with this weapon are significantly faster.
   It affects your resistance to hostile enchantments.
Armour
 j - the +1 hat of Tifrotun (worn) {rF++ Str+8 SInv Stlth-}
   (Okawaru gifted it to you on level 5 of the Vaults)

   It affects your strength (+8).
   It greatly protects you from fire.
   It lets you see invisible.
   It makes you less stealthy.
 k - a +2 pair of gloves of dexterity (worn)
 x - the +10 large shield of Ignorance (worn) {rN+ Int-4}
   (You found it on level 1 of the Orcish Mines)

   It affects your intelligence (-4).
   It protects you from negative energy.
 F - +11 gold dragon scales (worn)
 H - a +2 pair of boots of flying
 O - a +0 pair of boots of running (worn)
 T - the +1 cloak of Starlight (worn) {rElec rC+ EV+4 Stlth--}
   (You found it on level 2 of the Depths)

   It affects your evasion (+4).
   It protects you from cold.
   It insulates you from electricity.
   It makes you much less stealthy.
Jewellery
 e - a +5 ring of intelligence
 n - an uncursed ring of resist corrosion
 w - the amulet of the Air {Inacc +Fly rElec EV+5 RMsl}
   (You found it on level 10 of a ziggurat)

   [amulet of inaccuracy]

   It reduces the accuracy of all your attacks.
   It affects your evasion (+5).
   It insulates you from electricity.
   It lets you fly.
   It protects you from missiles.
 I - the ring "Qakkujot" (left hand) {rN+ MR+ Int+5 Dex+3 SInv}
   (You bought it in a shop on level 1 of the Depths)

   [ring of intelligence]

   It affects your intelligence (+5).
   It affects your dexterity (+3).
   It protects you from negative energy.
   It affects your resistance to hostile enchantments.
   It lets you see invisible.
 U - the amulet "Jylyna Mack" (around neck) {Gourm rN++}
   (You found it on level 5 of a ziggurat)

   [amulet of the gourmand]

   It allows you to eat raw meat even when not hungry.
   It greatly protects you from negative energy.
 W - an uncursed ring of protection from fire
 X - the ring "Narimuv" (right hand) {rC- MR+ Dex-5 Slay+6 Stlth+}
   (You found it on level 14 of a ziggurat)

   [ring of dexterity]

   It affects your dexterity (-5).
   It affects your accuracy and damage with ranged weapons and melee attacks
   (+6).
   It makes you vulnerable to cold.
   It affects your resistance to hostile enchantments.
   It makes you more stealthy.
Wands
 b - a wand of paralysis (46)
 i - a wand of digging (30)
 q - a wand of acid (10)
 E - a wand of clouds (4)
 Q - a wand of random effects (56)
 R - a wand of iceblast (17)
Scrolls
 g - 23 scrolls of teleportation
 h - 4 scrolls of identify
 m - 26 scrolls of remove curse
 s - a scroll of brand weapon
 t - 8 scrolls of enchant weapon
 v - 5 scrolls of fog
 y - 12 scrolls of fear
 B - 3 scrolls of amnesia
 M - a scroll of magic mapping
 Y - a scroll of enchant armour
Potions
 o - 5 potions of flight
 p - a potion of berserk rage
 r - 4 potions of haste
 u - 2 potions of brilliance
 C - 7 potions of cancellation
 K - 3 potions of heal wounds
 L - 3 potions of ambrosia
 V - 4 potions of magic
Miscellaneous
 a - 6 sacks of spiders
 d - a lamp of fire
 G - a phial of floods
 N - a phantom mirror
Comestibles
 f - 110 rations


   Skills:
 O Level 27 Fighting
 O Level 27 Axes
 O Level 27 Armour
 + Level 21.9 Dodging
 O Level 27 Shields
 - Level 10.1 Invocations
 - Level 16.6 Evocations


You had 26 spell levels left.
You didn't know any spells.
Your spell library contained the following spells:

 Spells                   Type           Power        Failure   Level  Hunger
 Animate Skeleton         Necr           N/A          13%         1    ##.....
 Beastly Appendage        Tmut           #.....       13%         1    ##.....
 Confusing Touch          Hex            #.....       13%         1    ##.....
 Corona                   Hex            #......      13%         1    ##.....
 Flame Tongue             Conj/Fire      #....        13%         1    ##.....
 Freeze                   Ice            #...         13%         1    ##.....
 Infusion                 Chrm           #...         13%         1    ##.....
 Pain                     Necr           #...         13%         1    ##.....
 Sandblast                Erth           #.....       13%         1    ##.....
 Shock                    Conj/Air       #...         13%         1    ##.....
 Summon Butterflies       Summ           #.......     13%         1    ##.....
 Summon Small Mammal      Summ           #...         13%         1    ##.....
 Blink                    Tloc           N/A          19%         2    ###....
 Call Imp                 Summ           #.......     19%         2    ###....
 Corpse Rot               Necr           N/A          19%         2    ###....
 Ensorcelled Hibernation  Hex/Ice        #.....       19%         2    ###....
 Passwall                 Tmut/Erth      #.......     19%         2    ###....
 Shroud of Golubria       Chrm/Tloc      #.........   19%         2    ###....
 Slow                     Hex            #.......     19%         2    ###....
 Song of Slaying          Chrm           #.......     19%         2    ###....
 Sticks to Snakes         Tmut           #.......     19%         2    ###....
 Sublimation of Blood     Necr           #.........   19%         2    ###....
 Swiftness                Chrm/Air       #.......     19%         2    ###....
 Throw Flame              Conj/Fire      #.....       19%         2    ###....
 Throw Frost              Conj/Ice       #.....       19%         2    ###....
 Call Canine Familiar     Summ           #.......     34%         3    ####...
 Confuse                  Hex            #.......     34%         3    ####...
 Conjure Flame            Conj/Fire      #.......     34%         3    ####...
 Dazzling Spray           Conj/Hex       #.....       34%         3    ####...
 Gell's Gravitas          Tloc           #.........   34%         3    ####...
 Ignite Poison            Fire/Tmut/Pois #.......     34%         3    ####...
 Inner Flame              Hex/Fire       #.......     34%         3    ####...
 Lesser Beckoning         Tloc           #.........   34%         3    ####...
 Ozocubu's Armour         Chrm/Ice       #.......     34%         3    ####...
 Portal Projectile        Hex/Tloc       #.....       34%         3    ####...
 Regeneration             Chrm/Necr      #.........   34%         3    ####...
 Spectral Weapon          Hex/Chrm       #.......     34%         3    ####...
 Spider Form              Tmut/Pois      #.........   34%         3    ####...
 Static Discharge         Conj/Air       #.......     34%         3    ####...
 Stone Arrow              Conj/Erth      #.....       34%         3    ####...
 Summon Guardian Golem    Hex/Summ       #.......     34%         3    ####...
 Teleport Other           Tloc           #.......     34%         3    ####...
 Tukima's Dance           Hex            #.......     34%         3    ####...
 Vampiric Draining        Necr           #.........   34%         3    ####...
 Airstrike                Air            #.........   69%         4    #####..
 Cause Fear               Hex            #.........   69%         4    #####..
 Force Lance              Conj/Tloc      #.......     69%         4    #####..
 Ice Form                 Ice/Tmut       #.......     69%         4    #####..
 Leda's Liquefaction      Hex/Erth       #.........   69%         4    #####..
 Petrify                  Tmut/Erth      #.......     69%         4    #####..
 Sticky Flame             Conj/Fire      #.......     69%         4    #####..
 Summon Ice Beast         Ice/Summ       #.......     69%         4    #####..
 Summon Lightning Spire   Summ/Air       #.......     69%         4    #####..
 Throw Icicle             Conj/Ice       #.......     69%         4    #####..
 Agony                    Necr           #.......     92%         5    ######.
 Blade Hands              Tmut           #.........   92%         5    ######.
 Bolt of Draining         Conj/Necr      #.........   92%         5    ######.
 Borgnjor's Vile Clutch   Necr/Erth      #.........   92%         5    ######.
 Dispel Undead            Necr           #.......     92%         5    ######.
 Excruciating Wounds      Chrm/Necr      #.........   92%         5    ######.
 Fireball                 Conj/Fire      #.........   92%         5    ######.
 Lee's Rapid Deconstruct  Erth           #.........   92%         5    ######.
 Lightning Bolt           Conj/Air       #.........   92%         5    ######.
 Metabolic Englaciation   Hex/Ice        #.........   92%         5    ######.
 Silence                  Hex/Air        #.........   92%         5    ######.
 Summon Mana Viper        Hex/Summ       #.......     92%         5    ######.
 Yara's Violent Unravell  Hex/Tmut       #.........   92%         5    ######.
 Bolt of Fire             Conj/Fire      #.........   100%        6    #######
 Darkness                 Hex            #.........   100%        6    #######
 Deflect Missiles         Chrm/Air       #.........   100%        6    #######
 Dispersal                Tloc           #.........   100%        6    #######
 Freezing Cloud           Conj/Ice/Air   #.........   100%        6    #######
 Invisibility             Hex            #.......     100%        6    #######
 Poison Arrow             Conj/Pois      #.........   100%        6    #######
 Shadow Creatures         Summ           N/A          100%        6    #######
 Simulacrum               Ice/Necr       #.........   100%        6    #######
 Statue Form              Tmut/Erth      #........    100%        6    #######
 Dragon Form              Tmut           #.........   100%        7    #######
 Haunt                    Necr/Summ      #.........   100%        7    #######
 Summon Hydra             Summ           #.........   100%        7    #######
 Borgnjor's Revivificati  Necr           #.........   100%        8    #######
 Chain Lightning          Conj/Air       #.........   100%        8    #######
 Controlled Blink         Tloc           N/A          100%        8    #######
 Death's Door             Chrm/Necr      #.........   100%        8    #######
 Discord                  Hex            #.........   100%        8    #######
 Disjunction              Tloc           #.........   100%        8    #######
 Ignition                 Fire           #.........   100%        8    #######
 Infestation              Necr           #.........   100%        8    #######
 Lehudib's Crystal Spear  Conj/Erth      #.........   100%        8    #######
 Necromutation            Tmut/Necr      #.........   100%        8    #######
 Dragon's Call            Summ           #.........   100%        9    #######
 Fire Storm               Conj/Fire      #.........   100%        9    #######
 Glaciate                 Conj/Ice       #.........   100%        9    #######
 Tornado                  Air            #.........   100%        9    #######
 Passage of Golubria      Tloc           Unusable     N/A         4    N/A

Dungeon Overview and Level Annotations

Branches:
Dungeon (15/15)            Temple (1/1) D:7            Lair (6/6) D:9
 Shoals (4/4) Lair:3       Spider (4/4) Lair:4        Slime (0/5) Lair:5
    Orc (2/2) D:10            Elf (3/3) Orc:2        Vaults (5/5) D:14
  Crypt (3/3) Vaults:3       Tomb (0/3) Crypt:3      Depths (5/5) D:15
    Zot (5/5) Depths:5

Altars:
Ashenzari
Cheibriados
Dithmenos
Elyvilon
Fedhas
Gozag
Hepliaklqana
Kikubaaqudgha
Makhleb
Nemelex Xobeh
Okawaru
Qazlal
Ru
Sif Muna
Trog
Uskayaw
Vehumet
Wu Jian
Xom
Yredelemnul
Zin
The Shining One
Beogh
Jiyva

Shops:
D:7 [   Orc:2 %[!:   Elf:1 (([   Elf:2 [   Shoals:4 !   Vaults:1 [   Vaults:2 *
Vaults:4 }   Depths:1 =}=   Depths:2 *   Depths:5 *

Portals:
Hell: Depths:1 Depths:2 Depths:3 Depths:4 Depths:5
Abyss: Depths:2 Depths:3 Depths:4
Pandemonium: Depths:3 Depths:5

Annotations:
Orc:1 1 runed door, exclusion: 4 orange crystal statues


Innate Abilities, Weirdness & Mutations

You reflexively headbutt those who attack you in melee.
You have a pair of horns on your head.
You have sharp fingernails.
You are partially covered in slimy green scales. (AC +2)
You are partially covered in thin metallic scales. (AC +2)
You are clumsy. (Dex -2)
Your flesh is heat resistant. (rF+)


Message History

You block the lorocyproca's attack. You block the lorocyproca's attack.
You block the lorocyproca's attack.
Your giant cockroach dissolves into shadows!
You block the lorocyproca's attack.
You feel yourself slow down. You block the lorocyproca's attack.
You block the lorocyproca's attack. You block the lorocyproca's attack.
You slice the lorocyproca like a ripe choko!!!
You headbutt the lorocyproca.
The lorocyproca is severely wounded.
You block the lorocyproca's attack.
You slice the lorocyproca!! You headbutt the lorocyproca.
You kill the lorocyproca!
Okawaru accepts your kill.
Okay, then.
You eat one of the 111 rations.
That ration really hit the spot!
You can't go down here!
You have escaped!

##.##......#.....#)....#
####..##(####...>####.)####
### #........###...#.###...#
..#####............#.......#.#
....>...################..^..#
..รท.###.#.### #.# ###.#....#
....# #.##..####'####..##....#
....# ######..'...').####....#
...## ####.@.#### #....# ..##
###..'...'..####....# ###
##..####'####..##....# ##.###
#.# ###.#.#### #.##
#.#######..# ### #......(...#
############


There were no monsters in sight!

Vanquished Creatures
  The ghost of guttsta the Conqueror, a legendary MiBe of Trog (Zot:4)
  7 orbs of fire
  Khufu (Crypt:3)
  Mara (Crypt:3)
  6 ancient liches
  Sojobo (Crypt:3)
  Boris (Vaults:3)
  2 greater mummies
  Margery (Vaults:5)
  5 Killer Klowns
  4 caustic shrikes
  The ghost of bananovenc the Hoplite, a veteran GrFi of Okawaru (Zot:2)
  Saint Roka (Orc:2)
  Xtahua (Vaults:5)
  2 curse toes
  12 golden dragons
  A profane servitor (Crypt:3)
  Arachne (Spider:4)
  A Brimstone Fiend (Zot:2)
  3 liches
  A bone dragon (Crypt:3)
  2 electric golems (Zot:5)
  3 Ice Fiends
  22 tentacled monstrosities
  A Cloud Mage (WizLab)
  The ghost of Erymatos the Executioner, an adept MiBe of Trog (Vaults:2)
  34 Orb Guardians
  8 titans
  4 deep elf blademasters
  Asterion (Elf:2)
  Polyphemus (Shoals:4)
  2 deep elf master archers (Elf:3)
  5 pandemonium lords
  13 quicksilver dragons
  6 sphinxes
  5 tengu reavers
  A sphinx (shapeshifter) (Vaults:3)
  11 death cobs
  5 ancient champions
  Gastronok (Lair:3)
  Roxanne (Spider:1)
  Kirke (Spider:3)
  A thorn hunter (Zig:13)
  9 shadow dragons
  2 revenants
  27 storm dragons
  4 daevas (Zig:17)
  9 fire giants
  7 draconian monks
  5 deep elf sorcerers
  5 draconian knights
  2 iron dragons
  7 ghost moths
  6 frost giants
  2 balrugs
  18 vault wardens
  13 draconian scorchers
  2 caustic shrike zombies
  A cacodemon (Zot:1)
  4 emperor scorpions (Spider:4)
  3 angels (Zig:17)
  5 deep elf elementalists
  21 ironheart preservers
  3 draconian stormcallers
  22 stone giants
  3 ghouls
  6 draconian annihilators
  A juggernaut skeleton (Depths:3)
  A reaper (D:1)
  A war gargoyle (Vaults:5)
  A spriggan defender (Depths:5)
  25 very ugly things
  3 entropy weavers
  10 draconian shifters
  2 apis (Zig:17)
  7 vampire knights
  9 dire elephants
  9 deep elf demonologists
  24 green draconians
  14 black draconians
  A lorocyproca (D:1)
  A bennu (Zig:11)
  9 purple draconians
  11 yellow draconians
  12 red draconians
  9 spark wasps
  8 deep elf annihilators
  11 white draconians
  2 spark wasps (shapeshifter)
  5 eidola
  8 blizzard demons
  Snorg (Lair:4)
  A green death (Zig:13)
  16 ettins
  14 fire dragons
  25 jiangshi
  9 merfolk javelineers
  10 merfolk impalers
  12 deep elf death magi
  10 great orbs of eyes
  8 mummy priests
  6 deep elf high priests
  Harold (Lair:2)
  Fannar (Lair:2)
  15 yaktaur captains
  4 rakshasas
  15 hydras
  7 spriggan air magi
  38 vault guards
  3 catoblepae
  4 ghost crabs
  12 ice dragons
  2 alligators (Zig:13)
  A hell beast (D:15)
  3 merfolk avatars
  12 centaur warriors
  Erica (D:8)
  13 ogre magi
  An alligator snapping turtle (Shoals:4)
  An anaconda (Lair:6)
  5 death knights
  7 merfolk aquamancers
  18 deep troll shamans
  A satyr (Shoals:4)
  A satyr (shapeshifter) (Depths:4)
  28 two-headed ogres
  A titan zombie (Depths:3)
  32 dancing weapons
  5 tengu warriors
  5 orc high priests
  A queen ant (Lair:2)
  4 death yaks (Shoals:4)
  2 death scarabs
  5 spriggan berserkers
  6 vampire magi
  2 thrashing horrors (Zig:7)
  8 deep troll earth magi
  Sonja (Lair:4)
  4 large abominations
  3 sun demons
  2 soul eaters
  A shock serpent (WizLab)
  30 deep elf knights
  9 iron trolls
  A storm dragon zombie (Crypt:3)
  A titan skeleton (Zig:9)
  28 skeletal warriors
  A sixfirhy (Depths:3)
  5 death drakes
  18 hell knights
  2 salamander mystics
  An iron giant zombie (Crypt:2)
  7 shadow wraiths
  2 spriggan druids
  23 deep trolls
  2 unseen horrors
  A glowing orange brain (shapeshifter) (Depths:4)
  11 flayed ghosts
  A sea snake (shapeshifter) (Vaults:3)
  7 glowing orange brains
  A deep troll (shapeshifter) (D:14)
  16 phantasmal warriors
  7 sea snakes
  A wizard (Vaults:3)
  A shadow demon (Depths:3)
  7 harpies
  32 deep elf archers
  6 shambling mangroves
  24 ironbrand convokers
  10 swamp dragons
  An obsidian statue (Zig:14)
  21 orb spiders
  37 ugly things
  12 orc knights
  11 necromancers
  37 wolf spiders
  A stone giant zombie (Crypt:2)
  65 deep elf magi
  A cyclops (shapeshifter) (Vaults:5)
  13 cyclopes
  7 orc sorcerers
  5 oklob plants (Zig:17)
  A frost giant zombie (Zig:2)
  3 fauns
  9 salamanders
  32 moths of wrath
  15 manticores
  Maurice (Orc:2)
  A spriggan zombie (Depths:3)
  5 black mambas
  An eye of devastation (shapeshifter) (Vaults:5)
  3 frost giant skeletons
  A water nymph (shapeshifter) (Depths:2)
  4 smoke demons
  2 sphinx skeletons
  3 rust devils
  A black mamba (shapeshifter) (Vaults:4)
  8 water nymphs
  3 ice statues (IceCv)
  17 merfolk sirens
  22 elephants
  3 apocalypse crabs (WizLab)
  A molten gargoyle (Depths:1)
  17 vault sentinels
  5 centaur skeletons
  3 gargoyles
  A pale draconian zombie (Crypt:2)
  4 rime drakes
  A spiny frog (shapeshifter) (Depths:3)
  A kobold demonologist (D:13)
  2 hellions
  A catoblepas zombie (Crypt:2)
  86 yaktaurs
  2 spriggan skeletons
  A minotaur zombie (Crypt:1)
  2 efreet
  19 spiny frogs
  9 komodo dragons
  19 demonic crawlers
  5 hellwings
  3 anaconda simulacra (IceCv)
  5 red devils
  12 freezing wraiths
  25 guardian mummies
  17 ice devils
  A queen bee (Spider:3)
  A troll (shapeshifter) (Vaults:3)
  24 jumping spiders
  12 trolls
  28 merfolk
  9 wind drakes
  6 meliai
  4 tengu conjurers
  A harpy zombie (Crypt:2)
  A wolf spider simulacrum (Crypt:3)
  32 blink frogs
  24 hornets
  A hornet (shapeshifter) (Vaults:3)
  4 bog bodies
  A guardian serpent zombie (Crypt:1)
  4 tyrant leeches
  A polar bear (Lair:5)
  12 snapping turtles
  A blink frog (shapeshifter) (Vaults:1)
  16 slime creatures
  A raiju (Zig:7)
  A slime creature (shapeshifter) (Vaults:5)
  An iron dragon simulacrum (Zig:7)
  An alligator zombie (Crypt:3)
  An ettin zombie (Zig:6)
  14 water elementals
  51 flying skulls
  13 hippogriffs
  A centaur simulacrum (D:15)
  65 redbacks
  12 shadows
  9 wraiths
  4 ushabtiu
  10 wyverns
  14 air elementals
  32 yaks
  2 vampires
  4 spriggans
  25 tarantellas
  2 hogs (Spider:3)
  An ice dragon skeleton (Crypt:1)
  2 ynoxinuls
  5 chaos spawn
  A dire elephant simulacrum (IceCv)
  5 basilisks
  A hog (shapeshifter) (Vaults:3)
  16 humans (D:14)
  4 hungry ghosts
  A golden eye (shapeshifter) (Elf:1)
  A neqoxec (Zot:1)
  A steam dragon (D:14)
  5 vampire mosquitoes
  3 fire elementals
  4 wargs
  2 harpy simulacra (IceCv)
  2 iron troll simulacra (IceCv)
  A yaktaur simulacrum (Vaults:2)
  A torturous demonspawn zombie (Crypt:2)
  An acid dragon (shapeshifter) (Vaults:1)
  9 soldier ants (Lair:2)
  A tengu zombie (Zig:6)
  An insubstantial wisp (Zig:13)
  A floating eye (shapeshifter) (Vaults:5)
  4 acid dragons
  A hell hound (Depths:5)
  A water moccasin (shapeshifter) (Vaults:4)
  19 water moccasins
  A hydra simulacrum (IceCv)
  A swamp drake (Zig:14)
  7 porcupines
  A swamp dragon zombie (Crypt:2)
  3 ice beasts
  34 orc warriors
  A sky beast (D:12)
  3 eyes of draining
  An ettin simulacrum (IceCv)
  An ice beast (shapeshifter) (Depths:4)
  A spriggan simulacrum (Zig:9)
  11 necrophages
  2 phantoms
  3 boggarts (Vaults:2)
  32 ogres
  13 wolves
  31 centaurs
  A snapping turtle skeleton (Crypt:1)
  19 crocodiles
  An orc skeleton (Vaults:2)
  4 big kobolds
  A draconian zombie (Crypt:2)
  6 elf zombies
  22 bullfrogs
  3 earth elementals
  4 wyvern skeletons
  4 scorpions
  5 small abominations
  2 human simulacra
  30 killer bees
  A troll zombie (Crypt:1)
  30 wights
  An electric eel (Lair:1)
  A yak skeleton (Crypt:2)
  6 howler monkeys
  12 crimson imps
  A bullfrog zombie (D:9)
  3 centaur zombies
  2 quasits
  4 hounds
  29 orc priests
  2 human zombies (Crypt:1)
  9 jellies
  3 bullfrog skeletons
  An iron imp (Depths:2)
  A black bear skeleton (Crypt:1)
  A hell rat (Zig:10)
  2 iguanas
  21 orc wizards
  23 worker ants
  A lightning spire (Zig:8)
  A dwarf zombie (Crypt:1)
  2 hound zombies (D:8)
  21 mummies
  4 worker ant zombies
  5 gnolls
  2 howler monkey skeletons
  7 adders
  7 shadow imps
  4 white imps
  5 oozes (D:9)
  An iguana skeleton (Crypt:1)
  An adder zombie (D:8)
  5 worms
  A dart slug (D:3)
  3 leopard geckos
  92 orcs
  2 ball pythons (D:2)
  5 giant cockroaches
  2 gnoll zombies (Ossuary)
  9 goblins
  7 hobgoblins
  11 jackals
  5 quokkas
  4 bats
  2 frilled lizards
  4 hobgoblin zombies (Ossuary)
  A jackal zombie (D:7)
  14 kobolds
  2 leopard gecko skeletons
  A leopard gecko zombie (Crypt:1)
  2 orc zombies (Ossuary)
  A quokka zombie (Crypt:1)
  7 rats
  A butterfly (Spider:1)
  2 fire vortices (Zot:1)
  4 fungi
  8 plants
2980 creatures vanquished.

Vanquished Creatures (others)
  A lich (Zot:1)
  A hell knight (Crypt:3)
  A deep elf knight (Elf:2)
  An orb spider (Spider:2)
  A wolf spider (Spider:2)
  A tyrant leech (Zig:13)
  3 hornets (Zig:13)
  A slime creature (Zig:13)
  2 air elementals
  A spriggan (Zig:13)
  A water elemental (D:10)
  A small abomination (Zot:1)
  A steam dragon (Zig:14)
  An insubstantial wisp (Zig:13)
  A swamp drake (Zig:14)
  2 centaurs (Vaults:2)
  An ogre (Vaults:3)
  A boggart (Vaults:2)
  A giant cockroach (Lair:4)
  A fungus (Lair:6)
  23 plants
47 creatures vanquished.

Grand Total: 3027 creatures vanquished

Notes
Turn   | Place    | Note
-------+----------+-------------------------------------------
     0 | D:1      | Pepega the Minotaur Fighter began the quest for the Orb.
     0 | D:1      | Reached XP level 1. HP: 19/19 MP: 0/0
   117 | D:1      | Reached XP level 2. HP: 25/26 MP: 1/1
   634 | D:2      | Reached XP level 3. HP: 31/31 MP: 2/2
   783 | D:2      | Found a shattered altar of Ashenzari.
  1461 | D:3      | Reached skill level 5 in Axes
  1474 | D:3      | Reached XP level 4. HP: 10/39 MP: 3/3
  1520 | D:3      | You fall through a shaft for 3 floors!
  1636 | D:6      | Noticed a centaur
  1645 | D:6      | Reached XP level 5. HP: 24/45 MP: 4/4
  1742 | D:6      | Found a sand-covered staircase.
  1749 | Ossuary  | Entered an ossuary
  2275 | Ossuary  | Reached XP level 6. HP: 48/51 MP: 5/5
  2378 | D:6      | Found a radiant altar of Vehumet.
  2516 | D:6      | Found a shimmering altar of Xom.
  2516 | D:6      | Found a deep blue altar of Sif Muna.
  2768 | D:5      | Entered Level 5 of the Dungeon
  2872 | D:5      | Reached XP level 7. HP: 56/57 MP: 6/6
  2973 | D:5      | Found a stormy altar of Qazlal.
  3412 | D:5      | Reached skill level 10 in Axes
  3418 | D:5      | Found a bloodstained altar of Trog.
  3766 | D:4      | Reached XP level 8. HP: 63/64 MP: 7/7
  3819 | D:4      | Found a basalt altar of Yredelemnul.
  5175 | D:7      | Found a staircase to the Ecumenical Temple.
  5256 | Temple   | Entered the Ecumenical Temple
  5467 | Temple   | Became a worshipper of Warmaster Okawaru
  5623 | D:7      | Found Itaux's Armour Shop.
  5856 | D:7      | Bought a +1 pair of boots for 172 gold pieces
  5921 | D:8      | Noticed Erica
  5929 | D:8      | Reached * piety under Okawaru
  5941 | D:8      | Killed Erica
  5941 | D:8      | Reached ** piety under Okawaru
  5941 | D:8      | Reached skill level 5 in Fighting
  5941 | D:8      | Reached skill level 5 in Armour
  5941 | D:8      | Reached skill level 5 in Shields
  5941 | D:8      | Reached XP level 9. HP: 39/74 MP: 8/8
  6304 | D:8      | Found a white marble altar of Elyvilon.
  6610 | D:8      | Found a glowing silver altar of Zin.
  6681 | D:8      | Reached skill level 1 in Invocations
  6965 | D:9      | Noticed a troll
  6990 | D:9      | Killed a troll
  7449 | D:9      | Reached *** piety under Okawaru
  7526 | D:9      | Reached XP level 10. HP: 82/84 MP: 10/10
  7779 | D:9      | Found a staircase to the Lair.
  7883 | D:9      | Noticed a two-headed ogre
  7885 | D:9      | Noticed a swamp dragon
  7885 | D:9      | a two-headed ogre changed into a swamp dragon
  7901 | D:9      | Killed a swamp dragon
  7901 | D:9      | Reached **** piety under Okawaru
  8335 | D:9      | Found a hide-covered altar of Uskayaw.
  8445 | D:10     | Entered Level 10 of the Dungeon
  8760 | D:10     | Found a staircase to the Orcish Mines.
  9208 | D:10     | Found a large runed door.
  9208 | D:10     | Found a large runed door.
  9422 | D:11     | Noticed a deep elf mage
  9471 | D:11     | Noticed a seven-headed hydra
  9567 | D:11     | Noticed a cyclops
  9582 | D:11     | Reached XP level 11. HP: 84/95 MP: 9/12
  9681 | D:11     | Killed a deep elf mage
 10021 | D:11     | Reached ***** piety under Okawaru
 10158 | D:11     | Noticed a centaur warrior
 10166 | D:11     | Killed a centaur warrior
 10177 | D:11     | Got a slimy helmet
 10179 | D:11     | Identified the +1 helmet of Volou {Str+7} (You found it on
                  | level 11 of the Dungeon)
 10268 | D:11     | Noticed a purple ugly thing
 10278 | D:11     | Killed a purple ugly thing
 10306 | D:11     | Noticed a deep troll
 10320 | D:11     | Killed a deep troll
 10415 | D:11     | Noticed a centaur warrior
 10425 | D:11     | Killed a centaur warrior
 10546 | D:11     | Reached skill level 10 in Shields
 10555 | D:11     | Reached skill level 10 in Armour
 10565 | D:11     | Reached skill level 10 in Fighting
 10581 | D:11     | Received a gift from Okawaru
 10584 | D:11     | Got a pitted hat {god gift}
 10590 | D:11     | Identified the +0 hat of Goibry {rElec Str+2 Stlth-}
                  | (Okawaru gifted it to you on level 11 of the Dungeon)
 11384 | D:12     | Noticed a centaur warrior
 11395 | D:12     | Killed a centaur warrior
 11395 | D:12     | Reached skill level 5 in Invocations
 11415 | D:12     | Noticed a deep elf mage
 11422 | D:12     | Killed a deep elf mage
 11422 | D:12     | Reached ****** piety under Okawaru
 11422 | D:12     | Reached XP level 12. HP: 92/106 MP: 14/14
 11460 | D:12     | Noticed a two-headed ogre
 11465 | D:12     | Killed a two-headed ogre
 11536 | D:12     | Reached skill level 15 in Axes
 11681 | D:12     | Noticed a centaur warrior
 11697 | D:12     | Killed a centaur warrior
 11800 | D:12     | Noticed a five-headed hydra
 11810 | D:12     | Killed a one-headed hydra
 12723 | D:13     | Received a gift from Okawaru
 13142 | D:14     | Noticed an ogre mage
 13142 | D:14     | Noticed a two-headed ogre
 13142 | D:14     | Noticed a two-headed ogre
 13161 | D:14     | Killed an ogre mage
 13164 | D:14     | Killed a two-headed ogre
 13169 | D:14     | Killed a two-headed ogre
 13171 | D:14     | Killed a one-headed hydra
 13186 | D:14     | Reached XP level 13. HP: 72/116 MP: 17/17
 13680 | D:14     | Received a gift from Okawaru
 13722 | D:14     | Found a gate to the Vaults.
 13743 | D:14     | Got a dazzling rapier {god gift}
 13750 | D:14     | Identified the +8 rapier of Zeskiofy {pain, Int+8} (Okawaru
                  | gifted it to you on level 14 of the Dungeon)
 14244 | D:15     | Entered Level 15 of the Dungeon
 14324 | D:15     | Found a flickering gateway to a bazaar.
 14333 | Bazaar   | Entered a bazaar
 14337 | Bazaar   | Found Dupeacke's Gadget Boutique.
 14365 | Bazaar   | Found Collep's General Store.
 14390 | Bazaar   | Found Kitiac's General Store.
 14406 | Bazaar   | Found Fus Sois's Armour Emporium.
 14482 | Bazaar   | Bought a scroll of teleportation for 42 gold pieces
 14482 | Bazaar   | Bought a potion of curing for 42 gold pieces
 14482 | Bazaar   | Bought a scroll of identify for 28 gold pieces
 14482 | Bazaar   | Bought a scroll of enchant weapon for 105 gold pieces
 14551 | D:15     | Received a gift from Okawaru
 15082 | D:15     | Reached XP level 14. HP: 110/127 MP: 19/19
 15439 | D:15     | Found a staircase to the Depths.
 15665 | Lair:1   | Entered Level 1 of the Lair of Beasts
 15928 | Lair:1   | Received a gift from Okawaru
 15931 | Lair:1   | Got a jet-encrusted chain mail {god gift}
 15954 | Lair:1   | Identified the +1 chain mail of Evolution {rPois MP+9}
                  | (Okawaru gifted it to you on level 1 of the Lair of Beasts)
 15982 | Lair:1   | Gained mutation: Your magical capacity is low. (-10% MP)
                  | [potion of mutation]
 15982 | Lair:1   | Gained mutation: Your spells are a little easier to cast,
                  | but a little less powerful. [potion of mutation]
 15982 | Lair:1   | Gained mutation: Your muscles are strong. (Str +2) [potion
                  | of mutation]
 15983 | Lair:1   | Lost mutation: Your muscles are strong. (Str +2) [potion of
                  | mutation]
 15983 | Lair:1   | Lost mutation: Your spells are a little easier to cast, but
                  | a little less powerful. [potion of mutation]
 15983 | Lair:1   | Gained mutation: You have large cloven feet. [potion of
                  | mutation]
 15983 | Lair:1   | Gained mutation: Your flesh is heat resistant. (rF+)
                  | [potion of mutation]
 15983 | Lair:1   | Gained mutation: You are resistant to hostile enchantments.
                  | (MR+) [potion of mutation]
 15983 | Lair:1   | Gained mutation: Your natural rate of healing is unusually
                  | fast. [potion of mutation]
 16582 | Lair:2   | Noticed Fannar
 16606 | Lair:2   | Killed Fannar
 16699 | Lair:2   | Noticed Harold
 16712 | Lair:2   | Killed Harold
 17784 | Lair:3   | Noticed Gastronok
 17803 | Lair:3   | Killed Gastronok
 17996 | Lair:3   | Found a staircase to the Shoals.
 18338 | Lair:4   | Noticed Sonja
 18361 | Lair:4   | Killed Sonja
 18397 | Lair:4   | Noticed Snorg
 18420 | Lair:4   | Killed Snorg
 18420 | Lair:4   | Received a gift from Okawaru
 18636 | Lair:4   | Reached skill level 10 in Invocations
 18849 | Lair:4   | Found a hole to the Spider Nest.
 19219 | Lair:5   | Reached XP level 15. HP: 98/136 MP: 11/19
 19485 | Lair:5   | Found a staircase to the Slime Pits.
 19485 | Lair:5   | Found a viscous altar of Jiyva.
 20000 | Lair:6   | Entered Level 6 of the Lair of Beasts
 20008 | Lair:6   | Identified a scroll of acquirement
 20010 | Lair:6   | Got a pitted war axe
 20011 | Lair:6   | Identified the +2 war axe of Inaos {chop, rC- Int+2 Dex+3}
                  | (You acquired it on level 6 of the Lair of Beasts)
 20417 | Lair:6   | Got an encrusted chain mail
 20492 | Lair:6   | Got an ancient steel ring
 20494 | Lair:6   | Got a pair of dazzling boots
 20655 | Lair:6   | Identified the +3 chain mail "Wousacsi" {Str+3 Stlth+} (You
                  | found it on level 6 of the Lair of Beasts)
 20676 | Lair:6   | Identified the +1 pair of boots of the Valley {+Fly MR-
                  | Str+9 Slay-6} (You found it on level 6 of the Lair of
                  | Beasts)
 20687 | Lair:6   | Identified the ring of Tulips {+Fly rPois rF- MR+ Int-4}
                  | (You found it on level 6 of the Lair of Beasts)
 21190 | Orc:1    | Entered Level 1 of the Orcish Mines
 21448 | Orc:1    | Found a runed door.
 21479 | Orc:1    | Found the +10 large shield of Ignorance {rN+ Int-4}
 21488 | Orc:1    | Found a runed door.
 21920 | Orc:2    | Entered Level 2 of the Orcish Mines
 21920 | Orc:2    | Found a roughly hewn altar of Beogh.
 21979 | Orc:2    | Received a gift from Okawaru
 22287 | Orc:2    | Found a staircase to the Elven Halls.
 22324 | Orc:2    | Noticed Maurice
 22336 | Orc:2    | Killed Maurice
 22428 | Orc:2    | Noticed Saint Roka
 22452 | Orc:2    | Killed Saint Roka
 22452 | Orc:2    | Reached skill level 15 in Fighting
 22452 | Orc:2    | Reached skill level 15 in Armour
 22452 | Orc:2    | Reached skill level 15 in Shields
 22543 | Orc:2    | Reached XP level 16. HP: 129/148 MP: 20/20
 22544 | Orc:2    | Found Usozotsa's Book Emporium.
 22544 | Orc:2    | Found Epnuposm's Food Emporium.
 22579 | Orc:2    | Found Zojumm's Armour Boutique.
 22581 | Orc:2    | Found Huudghogo's Distillery.
 23099 | Elf:1    | Entered Level 1 of the Elven Halls
 23113 | Elf:1    | Noticed an Executioner
 23300 | Elf:1    | Identified Inommo's Guide on Evil
 23336 | Elf:1    | Found Qogruimn's Weapon Shop.
 23336 | Elf:1    | Found Sumabol's Antique Weapon Boutique.
 23340 | Elf:1    | Found Kewucuats's Armour Shop.
 23352 | Elf:1    | Bought a +2 pair of gloves of dexterity for 279 gold pieces
 23495 | Elf:1    | Received a gift from Okawaru
 24130 | Elf:2    | Found a huge runed gate.
 24130 | Elf:2    | Found a huge runed gate.
 24130 | Elf:2    | Found a huge runed gate.
 24130 | Elf:2    | Found a huge runed gate.
 24163 | Elf:2    | Found a huge runed gate.
 24223 | Elf:2    | Found Wonelaji's Armour Boutique.
 24274 | Elf:2    | Found the +7 captain's cutlass {speed, disarm}
 24395 | Elf:2    | Received a gift from Okawaru
 24597 | Elf:2    | Reached XP level 17. HP: 71/160 MP: 19/21
 24816 | Elf:2    | Noticed a deep elf blademaster
 24834 | Elf:2    | Killed a deep elf blademaster
 24934 | Elf:2    | Noticed Asterion
 24954 | Elf:2    | Killed Asterion
 25110 | Elf:3    | Entered Level 3 of the Elven Halls
 25144 | Elf:3    | Noticed a deep elf master archer
 25164 | Elf:3    | Killed a deep elf master archer
 25177 | Elf:3    | Noticed a deep elf blademaster
 25178 | Elf:3    | Received a gift from Okawaru
 25196 | Elf:3    | Killed a deep elf blademaster
 25354 | Elf:3    | Received a gift from Okawaru
 25421 | Elf:3    | Got a fine large shield
 25423 | Elf:3    | Got a crystal war axe
 25432 | Elf:3    | Noticed a deep elf master archer
 25443 | Elf:3    | Identified Soup's Incunabulum of Mutagenic Orientation
 25455 | Elf:3    | Killed a deep elf master archer
 25477 | Elf:3    | Identified the cursed -5 large shield of Gravity {rElec
                  | rN+} (You found it on level 3 of the Elven Halls)
 25478 | Elf:3    | Identified the +8 war axe "Eginul" {vamp, *Noise rElec
                  | rC++} (You found it on level 3 of the Elven Halls)
 25508 | Elf:3    | Noticed a deep elf blademaster
 25524 | Elf:3    | Killed a deep elf blademaster
 25524 | Elf:3    | Received a gift from Okawaru
 25571 | Elf:3    | Noticed a Brimstone Fiend
 25578 | Elf:3    | Noticed a Tzitzimitl
 25586 | Elf:3    | Found a frozen archway.
 25593 | IceCv    | Entered an ice cave
 26004 | Elf:3    | Noticed a Tzitzimitl
 26063 | Elf:3    | Reached XP level 18. HP: 112/171 MP: 22/22
 26068 | Elf:3    | Got an encrusted battleaxe {chop}
 26178 | Elf:3    | Got a brightly glowing lead ring
 26181 | Elf:3    | Identified the ring "Soqoce" {-Tele rPois Dex+6} (You took
                  | it off a deep elf blademaster on level 3 of the Elven
                  | Halls)
 26451 | Elf:3    | Received a gift from Okawaru
 26732 | Elf:3    | Got a faintly humming scale mail
 26743 | Elf:3    | Identified the cursed +1 scale mail of the Spheres {rElec
                  | rPois rCorr Int-5} (You found it on level 3 of the Elven
                  | Halls)
 26743 | Elf:3    | Lost intelligence.
 26824 | Elf:3    | Got a crystal arbalest
 26825 | Elf:3    | Identified the cursed +0 arbalest "Ydotelau" {elec,
                  | *Corrode rElec rPois SInv} (You found it on level 3 of the
                  | Elven Halls)
 26866 | Elf:3    | Got a brightly glowing dagger
 26867 | Elf:3    | Identified the +1 dagger "Demonslayer" {flame, rC+ Dex+3}
                  | (You found it on level 3 of the Elven Halls)
 27143 | Shoals:1 | Entered Level 1 of the Shoals
 27301 | Shoals:1 | Received a gift from Okawaru
 28033 | Shoals:2 | Found a transporter.
 28141 | Shoals:2 | Found a transporter.
 28274 | Shoals:2 | Got a translucent hand axe {drain}
 28280 | Shoals:2 | Got a steaming brass ring
 28303 | Shoals:2 | Identified the +6 hand axe of Checks and Balances {drain,
                  | Int+4} (You took it off a merfolk on level 2 of the Shoals)
 28306 | Shoals:2 | Got a coiled platinum ring
 28317 | Shoals:2 | Identified the ring "Viyrur" {+Fly rPois MR+ Dex+2} (You
                  | found it on level 2 of the Shoals)
 28319 | Shoals:2 | Identified the ring of Kyfotho {*Tele MR+ Int+4} (You found
                  | it on level 2 of the Shoals)
 29467 | Shoals:4 | Entered Level 4 of the Shoals
 29467 | Shoals:4 | Found Piutehob's Distillery.
 29544 | Shoals:4 | Received a gift from Okawaru
 29560 | Shoals:4 | Got a dazzling hat {god gift}
 29573 | Shoals:4 | Identified the +1 hat of Resourcefulness {+Inv} (Okawaru
                  | gifted it to you on level 4 of the Shoals)
 29754 | Shoals:4 | Noticed Polyphemus
 29781 | Shoals:4 | Killed Polyphemus
 29828 | Shoals:4 | Got a barnacled rune of Zot
 30803 | Depths:1 | Entered Level 1 of the Depths
 30809 | Depths:1 | Reached XP level 19. HP: 154/181 MP: 22/22
 30818 | Depths:1 | Lost intelligence.
 31169 | Spider:1 | Entered Level 1 of the Spider Nest
 31223 | Spider:1 | Noticed Roxanne
 31270 | Spider:1 | Killed Roxanne
 31271 | Spider:1 | Identified Roxanne's Tome of Stones (You took it off
                  | Roxanne on level 1 of the Spider Nest)
 31583 | Spider:1 | Received a gift from Okawaru
 32781 | Spider:3 | Noticed Kirke
 32789 | Spider:3 | Killed Kirke
 33887 | Spider:4 | Entered Level 4 of the Spider Nest
 34197 | Spider:4 | Noticed Arachne
 34221 | Spider:4 | Received a gift from Okawaru
 34231 | Spider:4 | Killed Arachne
 34352 | Spider:4 | Reached XP level 20. HP: 190/193 MP: 8/23
 34452 | Spider:4 | Got a gossamer rune of Zot
 34782 | Spider:4 | Received a gift from Okawaru
 35315 | Vaults:1 | Entered Level 1 of the Vaults
 35372 | Vaults:1 | Found Tanaas's Armour Shop.
 36490 | Vaults:2 | Found a magical portal.
 36499 | WizLab   | Entered The Chambers of the Cloud Mage
 36796 | WizLab   | Received a gift from Okawaru
 36797 | WizLab   | Got an ancient war axe {god gift}
 36815 | WizLab   | Identified the +8 war axe of Fortitude {freeze, MR+}
                  | (Okawaru gifted it to you in a wizard's laboratory)
 37193 | WizLab   | Identified Itsam's Handbook of Weightlessness
 37200 | WizLab   | Identified Sif Muna's Handbook of the Mountains and Unholy
                  | Rites
 37212 | WizLab   | Got a transparent robe
 37318 | Vaults:2 | Identified the +1 robe of Anarchy {+Inv rF+} (You found it
                  | in a wizard's laboratory)
 37480 | Vaults:2 | Found Joaptith's General Store.
 37776 | Vaults:2 | Reached XP level 21. HP: 198/198 MP: 24/24
 37856 | Vaults:2 | Received a gift from Okawaru
 37859 | Vaults:2 | Identified a +0 pair of boots of running (Okawaru gifted it
                  | to you on level 2 of the Vaults)
 37956 | Vaults:2 | Found a runed gate.
 37956 | Vaults:2 | Found a runed gate.
 37956 | Vaults:2 | Found a runed gate.
 37957 | Vaults:2 | Noticed Erymatos's ghost (adept MiBe)
 38450 | Vaults:2 | Killed Erymatos's ghost
 38777 | Vaults:3 | Noticed Boris
 38799 | Vaults:3 | Killed Boris
 39298 | Vaults:3 | Received a gift from Okawaru
 39299 | Vaults:3 | Got a spiked hat {god gift}
 39310 | Vaults:3 | Identified the +0 hat of Untruth {rElec rPois SInv}
                  | (Okawaru gifted it to you on level 3 of the Vaults)
 39537 | Vaults:3 | Found a staircase to the Crypt.
 39543 | Crypt:1  | Entered Level 1 of the Crypt
 39892 | Crypt:1  | Reached XP level 22. HP: 209/209 MP: 25/25
 40694 | Crypt:2  | Received a gift from Okawaru
 41160 | Crypt:3  | Entered Level 3 of the Crypt
 41294 | Crypt:3  | Found a basalt altar of Yredelemnul.
 41356 | Crypt:3  | Noticed Mara
 41360 | Crypt:3  | Noticed Pepega's illusion
 41392 | Crypt:3  | Killed Mara
 41447 | Crypt:3  | Found the +0 mask of the Dragon {MR+ Slay+3 SInv}
 41512 | Crypt:3  | Received a gift from Okawaru
 41525 | Crypt:3  | Identified the +0 ring mail of Parlour Games {Dex+5} (You
                  | found it on level 3 of the Crypt)
 41677 | Crypt:3  | Noticed Sojobo
 41701 | Crypt:3  | Killed Sojobo
 41877 | Crypt:3  | Noticed Khufu
 41884 | Crypt:3  | Lost intelligence.
 41889 | Crypt:3  | Received a gift from Okawaru
 41891 | Crypt:3  | Killed Khufu
 41895 | Crypt:3  | Found a staircase to the Tomb.
 41917 | Crypt:3  | Identified Ereshkigal's Grimoire of Necromancy
 42200 | Crypt:3  | Got a spiked plate armour
 42211 | Crypt:3  | Identified the +7 plate armour of Viwulop {rPois Int-3
                  | Dex+6 Stlth+} (You found it on level 3 of the Crypt)
 42369 | Crypt:3  | Reached XP level 23. HP: 224/224 MP: 26/26
 43200 | Vaults:4 | Received a gift from Okawaru
 43374 | Vaults:4 | Found Fumeod's Gadget Shop.
 43935 | Vaults:4 | Received a gift from Okawaru
 44452 | Vaults:5 | Entered Level 5 of the Vaults
 44504 | Vaults:5 | Received a gift from Okawaru
 44529 | Vaults:5 | Got a warped hat {god gift}
 44533 | Vaults:5 | Identified the +1 hat of Tifrotun {rF++ Str+8 SInv Stlth-}
                  | (Okawaru gifted it to you on level 5 of the Vaults)
 44799 | Vaults:5 | Reached XP level 24. HP: 198/235 MP: 26/26
 44837 | Vaults:5 | Got a silver rune of Zot
 44962 | Vaults:5 | Received a gift from Okawaru
 45075 | Vaults:5 | Found the +5 demon whip "Spellbinder" {antimagic, MR+}
 45076 | Vaults:5 | Noticed Margery
 45093 | Vaults:5 | Killed Margery
 45110 | Vaults:5 | Identified Jekiklas's Handbook of the Escort
 45200 | Vaults:5 | Got a steaming amber ring
 45215 | Vaults:5 | Got a spiked buckler
 45234 | Vaults:5 | Identified the ring of the Raven {*Tele rC+} (You took it
                  | off a fire giant on level 5 of the Vaults)
 45318 | Vaults:5 | Received a gift from Okawaru
 45390 | Vaults:5 | Noticed Xtahua
 45401 | Vaults:5 | Killed Xtahua
 45490 | Vaults:5 | Got a smoking chain mail
 45491 | Vaults:5 | Identified the +8 chain mail "Cisamuc" {*Corrode +Blink
                  | MP+9 Int+8} (You found it on level 5 of the Vaults)
 45503 | Vaults:5 | Identified the +1 buckler of Ykuropoe {rF++ rN+ Regen+
                  | Stlth-} (You found it on level 5 of the Vaults)
 45938 | Vaults:5 | Lost intelligence.
 46891 | Depths:1 | Found a gateway to Hell.
 47003 | Depths:1 | Found Vobob's Jewellery Boutique.
 47004 | Depths:1 | Found Abannile's Gadget Emporium.
 47005 | Depths:1 | Found Founish's Jewellery Boutique.
 47018 | Depths:1 | Bought the ring "Qakkujot" {rN+ MR+ Int+5 Dex+3 SInv} for
                  | 1370 gold pieces
 47022 | Depths:1 | Bought a sack of spiders for 460 gold pieces
 47219 | Depths:2 | Received a gift from Okawaru
 47220 | Depths:2 | Got a pair of steaming boots {god gift}
 47231 | Depths:2 | Identified the -2 pair of boots of Hecef {rPois} (Okawaru
                  | gifted it to you on level 2 of the Depths)
 47307 | Depths:2 | Found the +1 cloak of Starlight {rElec rC+ EV+4 Stlth--}
 47437 | Depths:2 | Found a one-way gate to the infinite horrors of the Abyss.
 47478 | Depths:2 | Found Cewoarinia's Assorted Antiques.
 47500 | Depths:2 | Bought a scroll of identify for 76 gold pieces
 47526 | Depths:2 | Found a snail-covered altar of Cheibriados.
 47714 | Depths:2 | Reached XP level 25. HP: 237/247 MP: 26/26
 48864 | Depths:3 | Found a one-way gate leading to the halls of Pandemonium.
 49077 | Depths:3 | Received a gift from Okawaru
 49100 | Depths:3 | Got a smoking hand axe {god gift}
 49107 | Depths:3 | Identified the +1 hand axe "Ciurasem" {freeze, rElec Str+2}
                  | (Okawaru gifted it to you on level 3 of the Depths)
 49378 | Depths:4 | Found a gateway to a ziggurat.
 49708 | Depths:4 | Received a gift from Okawaru
 50358 | Depths:5 | Entered Level 5 of the Depths
 50373 | Depths:5 | Found Epsuaruu's General Store.
 50379 | Depths:5 | Bought a scroll of magic mapping for 49 gold pieces
 50379 | Depths:5 | Bought a scroll of enchant armour for 105 gold pieces
 50442 | Depths:5 | Reached XP level 26. HP: 258/258 MP: 26/26
 50588 | Depths:5 | Received a gift from Okawaru
 50645 | Depths:5 | Reached skill level 27 in Axes
 50648 | Depths:5 | Found a gate to the Realm of Zot.
 51559 | Zig:1    | Entered Level 1 of a ziggurat
 51598 | Zig:2    | Entered Level 2 of a ziggurat
 51626 | Zig:3    | Entered Level 3 of a ziggurat
 51660 | Zig:4    | Entered Level 4 of a ziggurat
 51698 | Zig:4    | Got a steaming war axe
 51701 | Zig:4    | Identified the +1 war axe "Dobi" {holy, rC+ MR+} (You found
                  | it on level 4 of a ziggurat)
 51744 | Zig:5    | Entered Level 5 of a ziggurat
 51791 | Zig:5    | Got a heavily runed ruby amulet
 51794 | Zig:5    | Identified the amulet "Jylyna Mack" {Gourm rN++} (You found
                  | it on level 5 of a ziggurat)
 51808 | Zig:5    | Identified the +5 halberd "Beastbane" {chop, rPois rF+ rC+
                  | Str-2} (You found it on level 5 of a ziggurat)
 51812 | Zig:6    | Entered Level 6 of a ziggurat
 51860 | Zig:7    | Entered Level 7 of a ziggurat
 51866 | Zig:7    | Noticed an ancient lich
 51902 | Zig:7    | Killed an ancient lich
 51902 | Zig:7    | Received a gift from Okawaru
 51908 | Zig:7    | Got a slimy broad axe {god gift}
 51931 | Zig:7    | Identified the +4 broad axe of Neir Zomm {chop, Int+2}
                  | (Okawaru gifted it to you on level 7 of a ziggurat)
 51935 | Zig:8    | Entered Level 8 of a ziggurat
 52112 | Zig:8    | Got a vibrating granite ring
 52114 | Zig:8    | Identified the Catalogue of Ashen Evil
 52120 | Zig:8    | Identified the ring of Ymianud {Int+2 Stlth-} (You found it
                  | on level 8 of a ziggurat)
 52126 | Zig:9    | Entered Level 9 of a ziggurat
 52418 | Zig:9    | Got a polished ring mail
 52419 | Zig:9    | Identified the +5 ring mail of Dogmatism {Int+3} (You found
                  | it on level 9 of a ziggurat)
 52422 | Zig:10   | Entered Level 10 of a ziggurat
 52496 | Zig:10   | Found the amulet of the Air {Inacc +Fly rElec EV+5 RMsl}
 52515 | Zig:10   | Got a crude pewter ring
 52525 | Zig:10   | Identified the ring "Jytisur" {Int+2 Dex+5 Stlth+} (You
                  | found it on level 10 of a ziggurat)
 52530 | Zig:11   | Entered Level 11 of a ziggurat
 52541 | Zig:11   | Noticed a greater mummy
 52572 | Zig:11   | Killed a greater mummy
 52598 | Zig:12   | Entered Level 12 of a ziggurat
 52737 | Zig:12   | Reached XP level 27. HP: 269/269 MP: 26/26
 52795 | Zig:12   | Received a gift from Okawaru
 52855 | Zig:13   | Entered Level 13 of a ziggurat
 52951 | Zig:13   | Got a smoking shield
 52958 | Zig:13   | Identified the +5 shield of Tekiomyu {rElec rN+ MR- Dex+4}
                  | (You found it on level 13 of a ziggurat)
 52962 | Zig:14   | Entered Level 14 of a ziggurat
 52996 | Zig:14   | Reached skill level 1 in Evocations
 53009 | Zig:14   | Reached skill level 27 in Fighting
 53023 | Zig:14   | Received a gift from Okawaru
 53056 | Zig:14   | Got a sparkling marble ring
 53061 | Zig:14   | Got a fine tin ring
 53067 | Zig:14   | Identified the Papyrus of the Frostbite and the Arsonist
 53074 | Zig:14   | Identified the ring "Fuonluu" {rN+ Int-3 Dex+3 Stlth+} (You
                  | found it on level 14 of a ziggurat)
 53075 | Zig:14   | Identified the cursed ring "Narimuv" {rC- MR+ Dex-5 Slay+6
                  | Stlth+} (You found it on level 14 of a ziggurat)
 53094 | Zig:15   | Entered Level 15 of a ziggurat
 53100 | Zig:15   | Reached skill level 27 in Armour
 53131 | Zig:15   | Reached skill level 27 in Shields
 53137 | Zig:15   | Reached skill level 5 in Evocations
 53181 | Zig:15   | Got a shimmering ivory amulet
 53204 | Zig:15   | Identified the amulet "Giafy" {Faith rPois Str+4} (You
                  | found it on level 15 of a ziggurat)
 53213 | Zig:15   | Got a jewelled chain mail
 53229 | Zig:16   | Entered Level 16 of a ziggurat
 53245 | Zig:16   | Noticed a greater mummy
 53282 | Zig:16   | Killed a greater mummy
 53453 | Zig:16   | Noticed a greater mummy
 53463 | Zig:16   | Got a wavering pewter ring
 53474 | Zig:17   | Entered Level 17 of a ziggurat
 53635 | Zig:17   | Identified the ring "Berretoh" {*Tele rPois Str+4 Dex+8
                  | Stlth-} (You found it on level 16 of a ziggurat)
 53747 | Zig:17   | Found the +18 shield of the Gong {rElec rN+ MR+ EV-5}
 53747 | Zig:17   | Found the +3 sling "Punk" {acid, rCorr}
 53751 | Zig:17   | Got a flickering turquoise ring
 54014 | Depths:4 | Identified the ring "Fuativ Wippo" {+Fly rPois rN++} (You
                  | found it on level 17 of a ziggurat)
 54185 | Zot:1    | Entered Level 1 of the Realm of Zot
 54196 | Zot:1    | Received a gift from Okawaru
 54375 | Zot:1    | Reached skill level 10 in Evocations
 54380 | Zot:1    | Noticed an orb of fire
 54383 | Zot:1    | Noticed an orb of fire
 54389 | Zot:1    | Gained mutation: You are clumsy. (Dex -2) [an orb of fire]
 54396 | Zot:1    | Gained mutation: You are dopey. (Int -2) [an orb of fire]
 54396 | Zot:1    | Lost mutation: You have large cloven feet. [an orb of fire]
 54407 | Zot:1    | Killed an orb of fire
 54415 | Zot:1    | Killed an orb of fire
 54714 | Zot:1    | Reached skill level 1 in Dodging
 55482 | Zot:2    | Reached skill level 5 in Dodging
 55694 | Zot:2    | Received a gift from Okawaru
 55916 | Zot:2    | Found a runed door.
 55916 | Zot:2    | Noticed bananovenc's ghost (veteran GrFi)
 55937 | Zot:2    | Killed bananovenc's ghost
 56258 | Zot:3    | Reached skill level 10 in Dodging
 56634 | Zot:4    | Noticed guttsta's ghost (legendary MiBe)
 56642 | Zot:4    | Found a runed gate.
 56642 | Zot:4    | Found a runed gate.
 56667 | Zot:4    | Found a runed gate.
 56676 | Zot:4    | Reached skill level 15 in Evocations
 56814 | Zot:4    | Received a gift from Okawaru
 57115 | Zot:4    | Killed guttsta's ghost
 57142 | Zot:5    | Entered Level 5 of the Realm of Zot
 57331 | Zot:5    | Noticed an orb of fire
 57343 | Zot:5    | Lost mutation: Your natural rate of healing is unusually
                  | fast. [an orb of fire]
 57346 | Zot:5    | Noticed an ancient lich
 57350 | Zot:5    | Noticed an ancient lich
 57352 | Zot:5    | Gained mutation: You tend to lose your temper in combat.
                  | [an orb of fire]
 57358 | Zot:5    | Killed an orb of fire
 57360 | Zot:5    | Killed an ancient lich
 57360 | Zot:5    | Received a gift from Okawaru
 57369 | Zot:5    | Killed an ancient lich
 57369 | Zot:5    | Reached skill level 15 in Dodging
 57388 | Zot:5    | Noticed an orb of fire
 57418 | Zot:5    | Killed an orb of fire
 57444 | Zot:5    | Got a transparent chain mail {god gift}
 57445 | Zot:5    | Identified the +4 chain mail "Riluv" {Str+4} (Okawaru
                  | gifted it to you on level 5 of the Realm of Zot)
 57509 | Zot:5    | Noticed an orb of fire
 57524 | Zot:5    | Killed an orb of fire
 57525 | Zot:5    | Noticed an orb of fire
 57536 | Zot:5    | Gained mutation: You do not regenerate when monsters are
                  | visible. [an orb of fire]
 57543 | Zot:5    | Gained mutation: You are occasionally teleported next to
                  | monsters. [an orb of fire]
 57543 | Zot:5    | Gained mutation: Scrolls take you a little longer to read.
                  | [an orb of fire]
 57546 | Zot:5    | Killed an orb of fire
 57546 | Zot:5    | Received a gift from Okawaru
 57549 | Zot:5    | Got an encrusted hat {god gift}
 57552 | Zot:5    | Identified the +0 hat of the Catamount {Str+8 Int-4}
                  | (Okawaru gifted it to you on level 5 of the Realm of Zot)
 57744 | Zot:5    | Noticed an ancient lich
 57750 | Zot:5    | Killed an ancient lich
 57772 | Zot:5    | Noticed an ancient lich
 57780 | Zot:5    | Killed an ancient lich
 57937 | Zot:5    | Noticed an ancient lich
 57945 | Zot:5    | Killed an ancient lich
 58026 | Zot:5    | Lost mutation: You are resistant to hostile enchantments.
                  | (MR+) [potion of mutation]
 58026 | Zot:5    | Lost mutation: Scrolls take you a little longer to read.
                  | [potion of mutation]
 58026 | Zot:5    | Lost mutation: You tend to lose your temper in combat.
                  | [potion of mutation]
 58026 | Zot:5    | Gained mutation: You are very dopey. (Int -4) [potion of
                  | mutation]
 58026 | Zot:5    | Gained mutation: You are partially covered in molten
                  | scales. (AC +2) [potion of mutation]
 58026 | Zot:5    | Gained mutation: You possess an exceptional clarity of
                  | mind. [potion of mutation]
 58027 | Zot:5    | Lost mutation: You are clumsy. (Dex -2) [potion of
                  | mutation]
 58027 | Zot:5    | Lost mutation: You possess an exceptional clarity of mind.
                  | [potion of mutation]
 58027 | Zot:5    | Lost mutation: You are very dopey. (Int -4) [potion of
                  | mutation]
 58027 | Zot:5    | Gained mutation: You are clumsy. (Dex -2) [potion of
                  | mutation]
 58027 | Zot:5    | Gained mutation: Your body sometimes deteriorates upon
                  | taking damage. [potion of mutation]
 58027 | Zot:5    | Gained mutation: You have sharp toenails. [potion of
                  | mutation]
 58028 | Zot:5    | Lost mutation: Your body sometimes deteriorates upon taking
                  | damage. [potion of mutation]
 58028 | Zot:5    | Gained mutation: You are robust. (+10% HP) [potion of
                  | mutation]
 58029 | Zot:5    | Lost mutation: You are dopey. (Int -2) [potion of mutation]
 58029 | Zot:5    | Lost mutation: Your magical capacity is low. (-10% MP)
                  | [potion of mutation]
 58029 | Zot:5    | Lost mutation: You are occasionally teleported next to
                  | monsters. [potion of mutation]
 58029 | Zot:5    | Gained mutation: You are partially covered in slimy green
                  | scales. (AC +2) [potion of mutation]
 58029 | Zot:5    | Lost mutation: You have sharp toenails. [potion of
                  | mutation]
 58029 | Zot:5    | Gained mutation: You have sharp toenails. [potion of
                  | mutation]
 58030 | Zot:5    | Lost mutation: You have sharp toenails. [potion of
                  | mutation]
 58030 | Zot:5    | Lost mutation: You do not regenerate when monsters are
                  | visible. [potion of mutation]
 58030 | Zot:5    | Lost mutation: You are partially covered in molten scales.
                  | (AC +2) [potion of mutation]
 58030 | Zot:5    | Gained mutation: You are very robust. (+20% HP) [potion of
                  | mutation]
 58030 | Zot:5    | Gained mutation: Your spells are a little harder to cast,
                  | but a little more powerful. [potion of mutation]
 58188 | Zot:5    | Noticed an orb of fire
 58192 | Zot:5    | Gained mutation: Potions are less effective at restoring
                  | your health. [an orb of fire]
 58207 | Zot:5    | Killed an orb of fire
 58230 | Zot:5    | Got the Orb of Zot
 58751 | Zot:1    | Noticed Ruid the pandemonium lord
 58769 | Zot:1    | Killed Ruid the pandemonium lord
 58770 | Zot:1    | Noticed Oxero the pandemonium lord
 58798 | Zot:1    | Killed Oxero the pandemonium lord
 58806 | Zot:1    | Noticed Ypselin the pandemonium lord
 58824 | Zot:1    | Noticed Woucs the pandemonium lord
 58838 | Zot:1    | Lost mutation: You are very robust. (+20% HP) [a shining
                  | eye]
 58842 | Zot:1    | Killed Woucs the pandemonium lord
 58843 | Zot:1    | Gained mutation: Your body sometimes deteriorates upon
                  | taking damage. [a cacodemon]
 58864 | Zot:1    | Killed Ypselin the pandemonium lord
 58888 | Depths:5 | Lost mutation: You are robust. (+10% HP) [potion of
                  | mutation]
 58888 | Depths:5 | Lost mutation: You are clumsy. (Dex -2) [potion of
                  | mutation]
 58888 | Depths:5 | Lost mutation: Your spells are a little harder to cast, but
                  | a little more powerful. [potion of mutation]
 58888 | Depths:5 | Gained mutation: Your spells are a little harder to cast,
                  | but a little more powerful. [potion of mutation]
 58889 | Depths:5 | Lost mutation: Potions are less effective at restoring your
                  | health. [potion of mutation]
 58889 | Depths:5 | Lost mutation: Your spells are a little harder to cast, but
                  | a little more powerful. [potion of mutation]
 58889 | Depths:5 | Gained mutation: Your muscles are strong. (Str +2) [potion
                  | of mutation]
 58889 | Depths:5 | Gained mutation: You expend magic power (3 MP) to
                  | strengthen your wands. [potion of mutation]
 58889 | Depths:5 | Gained mutation: You are partially covered in thin metallic
                  | scales. (AC +2) [potion of mutation]
 58890 | Depths:5 | Lost mutation: Your body sometimes deteriorates upon taking
                  | damage. [potion of mutation]
 58890 | Depths:5 | Lost mutation: Your muscles are strong. (Str +2) [potion of
                  | mutation]
 58890 | Depths:5 | Gained mutation: You are clumsy. (Dex -2) [potion of
                  | mutation]
 58890 | Depths:5 | Lost mutation: You expend magic power (3 MP) to strengthen
                  | your wands. [potion of mutation]
 58890 | Depths:5 | Gained mutation: You have sharp fingernails. [potion of
                  | mutation]
 59013 | Depths:1 | Received a gift from Okawaru
 59282 | D:9      | Noticed Akhlef the pandemonium lord
 59298 | D:9      | Killed Akhlef the pandemonium lord
 59323 | D:8      | Noticed Feasuw the pandemonium lord
 59430 | D:4      | Noticed a seraph
 59432 | D:4      | Noticed a seraph
 59560 | D:$      | Escaped with the Orb!

Skill      XL: |  1  2  3  4  5  6  7  8  9 10 11 12 13 14 15 16 17 18 19 20 21 22 23 24 25 26 27 |
---------------+----------------------------------------------------------------------------------+-----
Axes           | 3 4 5 6 7 9 11 12 13 14 15 16 17 18 19 20 21 22 23 24 25 26 27 | 27.0
Fighting       | 5 6 8 10 11 12 13 15 16 17 18 19 20 21 22 23 24 25 26 27 | 27.0
Armour         | 5 6 8 10 11 12 13 15 16 17 18 19 20 21 22 23 24 25 26 27 | 27.0
Shields        | 5 6 8 10 11 12 13 15 16 17 18 19 20 21 22 23 24 26 27 | 27.0
Invocations    | 2 3 5 7 8 10 | 10.1
Evocations     | 16 | 16.6
Dodging        | 21 | 21.9

Action                   |  1- 3 |  4- 6 |  7- 9 | 10-12 | 13-15 | 16-18 | 19-21 | 22-24 | 25-27 || total
-------------------------+-------+-------+-------+-------+-------+-------+-------+-------+-------++-------
Melee: War axe           |   107 |   121 |   320 |   273 |   505 |    33 |       |       |  1743 ||  3102
       Headbutt          |    11 |    26 |    49 |   172 |   504 |   352 |   550 |   497 |   904 ||  3065
       Hand axe          |       |       |       |   511 |  1314 |       |       |       |       ||  1825
       Punch             |       |       |       |       |     1 |       |       |       |       ||     1
       Broad axe         |       |       |       |       |       |  1257 |  1684 |  1519 |   795 ||  5255
Invok: Heroism           |       |       |     3 |    16 |    16 |    15 |    11 |    14 |     2 ||    77
       Finesse           |       |       |       |     3 |    16 |    14 |    14 |    15 |    34 ||    96
 Abil: Stop Flying       |       |       |       |     1 |       |       |     1 |       |       ||     2
       Evoke Flight      |       |       |       |     1 |       |       |       |       |       ||     1
Evoke: Wand              |       |       |       |     2 |       |       |       |     3 |     8 ||    13
       Phantom mirror    |       |       |       |     1 |       |       |     1 |       |     6 ||     8
       Lamp of fire      |       |       |       |       |     1 |       |       |       |       ||     1
       Sack of spiders   |       |       |       |       |       |       |       |       |     8 ||     8
  Use: Potion            |     1 |     5 |     7 |    10 |     9 |     8 |     9 |    17 |    47 ||   113
       Scroll            |       |     7 |     8 |     6 |    19 |    27 |    12 |    15 |    62 ||   156
 Stab: Invisible         |       |       |       |     2 |       |       |       |       |       ||     2
       Sleeping          |       |       |       |     2 |       |       |       |       |       ||     2
       Petrified         |       |       |       |       |     5 |    10 |       |       |       ||    15
       Distracted        |       |       |       |       |       |     2 |       |       |       ||     2
       Confused          |       |       |       |       |       |       |       |     6 |     3 ||     9
  Eat: Chunk             |     2 |     1 |    15 |    20 |    31 |    20 |    20 |    10 |    32 ||   151
       Ration            |       |     1 |       |     1 |       |     2 |     3 |     4 |     6 ||    17
Armor: Scale mail        |    35 |    33 |    75 |       |       |       |       |       |       ||   143
       Troll leather arm |       |       |     6 |    37 |       |       |       |       |       ||    43
       Skin              |       |       |     6 |    21 |     1 |       |       |       |       ||    28
       Chain mail        |       |       |       |   166 |   439 |       |       |       |       ||   605
       Plate armour      |       |       |       |       |    99 |   216 |   222 |   122 |    24 ||   683
       Gold dragon scale |       |       |       |       |       |       |       |       |   576 ||   576
Dodge: Dodged            |    26 |    16 |    87 |   158 |   284 |    77 |   110 |    60 |   420 ||  1238
       Deflected         |       |       |       |    17 |     9 |    31 |     2 |       |       ||    59
Block: Shield            |    56 |    36 |   119 |   373 |   623 |       |       |       |       ||  1207
       Large shield      |       |       |       |       |   154 |  1130 |  1374 |   904 |  2484 ||  6046
